 Dungeon Crawl Stone Soup version 0.28.0-43-g3370ac3207 (webtiles) character file.

Game seed: 3772985374454887321

563949 juncz the Ice Dragon (level 25, -5/222 HPs)
             Began as a Red Draconian Ice Elementalist on Mar 13, 2022.
             Was the Champion of Vehumet.
             Killed from afar by a black draconian knight (29 damage)
             ... with a bolt of lightning
             ... on level 4 of the Realm of Zot on Mar 15, 2022.
             The game lasted 11:02:58 (147900 turns).

juncz the Ice Dragon (DrIE)                       Turns: 147900, Time: 11:02:59

Health: -5/222     AC: 22    Str: 14    XL:     25   Next: 43%
Magic:  44/44      EV: 19    Int: 33    God:    Vehumet [******]
Gold:   7058       SH:  8    Dex: 18    Spells: 10/58 levels left

rFire   + + +      SeeInvis +   N - staff of cold
rCold   + . .      Faith    .   X - +3 buckler {rPois}
rNeg    . . .      Spirit   .   (armour unavailable)
rPois   +          Reflect  .   b - +2 hat
rElec   .          Harm     .   q - scarf {repulsion}
rCorr   .          Rampage  .   r - +4 pair of gloves of Quiet Fog {Int+5}
Will    ++...                   M - +2 pair of boots of Unambiguity {rF+ Dex+4}
Stlth   ++........              E - amulet of Vitality {Regen+ HP+15}
HPRegen 1.27/turn               s - ring "Daapoclu" {rPois rF+ Will+ Str+2 SInv}
MPRegen 0.29/turn               G - +6 ring of intelligence

@: on berserk cooldown, hasted, studying 2 skills, repel missiles, very quick
A: breathe fire, AC +12, unfitting armour, fire resistance 1, cold-blooded,
dopey 1, frail 1
}: 3/15 runes: decaying, slimy, gossamer
a: Breathe Fire, Renounce Religion


You were on level 4 of the Realm of Zot.
You worshipped Vehumet.
Vehumet was exalted by your worship.
You visited 11 branches of the dungeon, and saw 52 of its levels.
You also visited: Sewer and Desolation.

You collected 8411 gold pieces.
You spent 1353 gold pieces at shops.

Inventory:

Armour
 b - a +2 hat (worn)
 q - a scarf of repulsion (worn)
 r - the +4 pair of gloves of Quiet Fog (worn) {Int+5}
   (You found it on level 4 of the Spider Nest)

   Int:       It affects your intelligence (+5).
 M - the +2 pair of boots of Unambiguity (worn) {rF+ Dex+4}
   (You found it on level 3 of the Swamp)

   Dex:       It affects your dexterity (+4).
   rF:        It protects you from fire.
 X - a +3 buckler of poison resistance (worn)
Magical Staves
 p - a staff of fire
 N - a staff of cold (weapon)
Jewellery
 e - a ring of protection from fire
 j - a +4 ring of protection
 n - a ring of magical power
 s - the ring "Daapoclu" (left hand) {rPois rF+ Will+ Str+2 SInv}
   (You took it off a spriggan berserker on level 2 of the Depths)

   [ring of willpower]

   Str:       It affects your strength (+2).
   rF:        It protects you from fire.
   rPois:     It protects you from poison.
   SInv:      It lets you see invisible.
   Will:      It increases your willpower.
 t - a ring of willpower
 w - a ring of protection from fire
 x - a ring of see invisible
 y - the ring "Rakowuap" {rC+ rCorr}
   (You found it on level 5 of the Pits of Slime)

   [ring of resist corrosion]

   rC:        It protects you from cold.
   rCorr:     It protects you from acid and corrosion.
 B - a ring of ice
 E - the amulet of Vitality (around neck) {Regen+ HP+15}
   (You found it on level 6 of the Lair of Beasts)

   [amulet of regeneration]

   HP:        It affects your health (+15).
   Regen:     It increases your rate of health regeneration.
 F - a ring of protection from cold
 G - a +6 ring of intelligence (right hand)
 J - the amulet "Exigon" {Regen+ Int+3}
   (You took it off a spriggan on level 2 of the Depths)

   [amulet of regeneration]

   Int:       It affects your intelligence (+3).
   Regen:     It increases your rate of health regeneration.
 L - a ring of willpower
 O - the ring "Esipn" {Fly Dex+3}
   (You found it on level 5 of the Pits of Slime)

   [ring of flight]

   Dex:       It affects your dexterity (+3).
   Fly:       It grants you flight.
 P - a ring of positive energy
 Q - the ring of False Pretenses {rF+ Will+ Str+2 Int+3 Slay-6}
   (You found it on level 10 of the Dungeon)

   [ring of protection from fire]

   Str:       It affects your strength (+2).
   Int:       It affects your intelligence (+3).
   Slay:      It affects your accuracy & damage with ranged weapons and melee
   (-6).
   rF:        It protects you from fire.
   Will:      It increases your willpower.
 R - a ring of poison resistance
 S - an amulet of faith
 W - a ring of wizardry
Wands
 K - a wand of acid (4)
 Y - a wand of digging (5)
 Z - a wand of iceblast (31)
Scrolls
 d - 18 scrolls of teleportation
 f - 8 scrolls of fear
 g - 3 scrolls of blinking
 l - 9 scrolls of fog
 m - a scroll of summoning
 o - a scroll of silence
 u - 7 scrolls of magic mapping
 A - a scroll of amnesia
 D - 4 scrolls of holy word
 T - a scroll of enchant weapon
Potions
 a - 3 potions of heal wounds
 c - 8 potions of haste
 h - 18 potions of curing
 i - a potion of invisibility
 k - 2 potions of resistance
 v - 10 potions of brilliance
 z - 2 potions of magic
 C - 11 potions of attraction
 U - 15 potions of ambrosia
 V - 7 potions of cancellation
Miscellaneous
 H - a box of beasts
 I - a tin of tremorstones (2/2)


   Skills:
 + Level 20.1 Fighting
 - Level 0.6 Throwing
 - Level 12.2 Dodging
 - Level 2.0 Stealth
 - Level 4.0 Shields
 + Level 17.2 Spellcasting
 - Level 13.5 Conjurations
 - Level 2.0 Hexes
 - Level 5.0 Necromancy
 + Level 9.9 Translocations
 - Level 3.0 Transmutations
 - Level 6.0 Fire Magic
 O Level 27 Ice Magic
 - Level 1.0 Air Magic


You had 10 spell levels left.
You knew the following spells:

 Your Spells              Type           Power      Damage    Failure   Level
a - Freeze                Ice            100%       1d11      0%          1
b - Frozen Ramparts       Ice            100%       1d12      0%          3
c - Ozocubu's Armour      Ice            100%       N/A       0%          3
d - Sandblast             Erth           56%        2d13      1%          1
e - Searing Ray           Conj           100%       2d8       0%          2
f - Inner Flame           Hex/Fire       53%        N/A       1%          3
g - Ozocubu's Refrigerat  Ice            71%        4d19      0%          7
h - Swiftness             Air            35%        N/A       3%          3
i - Iskenderun's Mystic   Conj/Tloc      82%        2d16      1%          4
j - Sublimation of Blood  Necr           57%        N/A       1%          2
k - Ice Form              Ice/Tmut       100%       N/A       1%          4
l - Iron Shot             Conj/Erth      32%        9d7       4%          6
m - Polar Vortex          Ice            71%        N/A       1%          9

Your spell library contained the following spells:

 Spells                   Type           Power      Damage    Failure   Level
 Maxwell's Capacitive Co  Air            17%        ∞         100%        8
 Chain Lightning          Conj/Air       33%        3d44      100%        9
 Shatter                  Erth           14%        3d14*     100%        9
 Magic Dart               Conj           100%       1d8       0%          1
 Ensorcelled Hibernation  Hex/Ice        100%       N/A       0%          2
 Hailstorm                Conj/Ice       100%       3d20      0%          4
 Animate Skeleton         Necr           100%       N/A       1%          1
 Apportation              Tloc           100%       N/A       1%          1
 Beastly Appendage        Tmut           96%        N/A       1%          1
 Foxfire                  Conj/Fire      100%       2x1d9     1%          1
 Pain                     Necr           100%       1d9       1%          1
 Sting                    Tmut/Pois      100%       1d8       1%          1
 Summon Small Mammal      Summ           100%       N/A       1%          1
 Blink                    Tloc           100%       N/A       1%          2
 Corpse Rot               Necr/Air       96%        N/A       1%          2
 Passwall                 Tmut/Erth      31%        N/A       1%          2
 Poisonous Vapours        Pois/Air       62%        N/A       1%          2
 Static Discharge         Conj/Air       67%        N/A       1%          2
 Wereblood                Tmut           48%        N/A       1%          2
 Conjure Flame            Conj/Fire      75%        6-21      1%          3
 Gell's Gravitas          Tloc           76%        N/A       1%          3
 Ignite Poison            Fire/Tmut/Pois 48%        N/A       1%          3
 Mephitic Cloud           Conj/Pois/Air  57%        N/A       1%          3
 Portal Projectile        Hex/Tloc       100%       N/A       1%          3
 Stone Arrow              Conj/Erth      100%       3d13      1%          3
 Teleport Other           Tloc           76%        N/A       1%          3
 Vampiric Draining        Necr           57%        2d10      1%          3
 Flame Wave               Conj/Fire      75%        2d13      1%          4
 Fulminant Prism          Conj/Hex       34%        3d16      1%          4
 Passage of Golubria      Tloc           76%        N/A       1%          4
 Summon Ice Beast         Ice/Summ       100%       N/A       1%          4
 Fireball                 Conj/Fire      37%        3d15      1%          5
 Freezing Cloud           Conj/Ice/Air   55%        6-21      1%          5
 Irradiate                Conj/Tmut      35%        3d25      1%          5
 Lightning Bolt           Conj/Air       33%        1d51      1%          5
 Manifold Assault         Tloc           76%        N/A       1%          5
 Simulacrum               Ice/Necr       58%        N/A       1%          6
 Starburst                Conj/Fire      37%        6d11      1%          6
 Call Imp                 Summ           28%        N/A       2%          2
 Confusing Touch          Hex            41%        N/A       2%          3
 Spider Form              Tmut/Pois      38%        N/A       2%          3
 Tukima's Dance           Hex            41%        N/A       2%          3
 Animate Dead             Necr           28%        N/A       2%          4
 Dispel Undead            Necr           57%        3d20      2%          4
 Airstrike                Air            17%        N/A       3%          4
 Anguish                  Hex/Necr       25%        N/A       4%          4
 Olgreb's Toxic Radiance  Pois           28%        N/A       4%          4
 Yara's Violent Unravell  Hex/Tmut       22%        3d10      4%          5
 Call Canine Familiar     Summ           28%        N/A       5%          3
 Agony                    Necr           57%        N/A       6%          5
 Excruciating Wounds      Necr           28%        N/A       6%          5
 Summon Forest            Summ/Tloc      28%        N/A       6%          5
 Cause Fear               Hex            20%        N/A       8%          4
 Petrify                  Tmut/Erth      38%        N/A       10%         4
 Leda's Liquefaction      Hex/Erth       17%        N/A       12%         4
 Lee's Rapid Deconstruct  Erth           14%        3d10*     13%         5
 Summon Lightning Spire   Summ/Air       31%        N/A       14%         4
 Blade Hands              Tmut           24%        N/A       14%         5
 Borgnjor's Vile Clutch   Necr/Erth      22%        N/A       17%         5
 Alistair's Intoxication  Tmut/Pois      25%        N/A       26%         5
 Silence                  Hex/Air        19%        N/A       26%         5
 Summon Mana Viper        Hex/Summ       34%        N/A       32%         5
 Death Channel            Necr           28%        N/A       34%         6
 Lehudib's Crystal Spear  Conj/Erth      32%        10d8      83%         8
 Malign Gateway           Summ/Tloc      28%        N/A       88%         7
 Ignition                 Fire           30%        3d10      90%         8
 Summon Cactus Giant      Summ           14%        N/A       95%         6
 Dragon Form              Tmut           24%        N/A       99%         7
 Haunt                    Necr/Summ      22%        N/A       99%         7
 Fire Storm               Conj/Fire      37%        8d10      99%         9
 Enfeeble                 Hex            20%        N/A       100%        7
 Summon Hydra             Summ           14%        N/A       100%        7
 Borgnjor's Revivificati  Necr           28%        N/A       100%        8
 Discord                  Hex            20%        N/A       100%        8
 Infestation              Necr           28%        N/A       100%        8
 Necromutation            Tmut/Necr      26%        N/A       100%        8
 Summon Horrible Things   Summ           14%        N/A       100%        8
 Death's Door             Necr           28%        N/A       100%        9
 Dragon's Call            Summ           14%        N/A       100%        9
 Animate Armour           Summ/Erth      Unusable   N/A       N/A         4

Dungeon Overview and Level Annotations

Branches:
Dungeon (15/15)            Temple (1/1) D:7            Lair (6/6) D:11
  Swamp (4/4) Lair:2       Spider (4/4) Lair:3        Slime (5/5) Lair:6
    Orc (2/2) D:10            Elf (3/3) Orc:2        Vaults (4/5) D:13
  Crypt (0/3) Vaults:3     Depths (4/4) D:15            Zot (4/5) Depths:4
  Sewer (visited)         Desolation (visited)

Altars:
Ashenzari
Cheibriados
Dithmenos
Elyvilon
Fedhas
Gozag
Hepliaklqana
Kikubaaqudgha
Makhleb
Nemelex Xobeh
Okawaru
Qazlal
Ru
Sif Muna
Trog
Uskayaw
Vehumet
Wu Jian
Xom
Yredelemnul
Zin
The Shining One
Beogh
Lugonu

Shops:
D:5 !   D:12 [   Orc:2 *[:(   Vaults:2 !   Depths:1 =[[*!

Portals:
Hell: Depths:1 Depths:2 Depths:3 Depths:4
Abyss: Depths:1 Depths:2 Depths:3
Pandemonium: Depths:2 Depths:3 Depths:4
Ziggurat: Depths:1

Annotations:
D:3 3 runed translucent doors, tizbic2's ghost, amateur OgFi
D:6 2 runed translucent doors, fragbeetle's ghost, amateur MiFi
D:14 !dragongiant
Lair:1 1 runed translucent door, Zeld's ghost, journeyman DEFE
Swamp:1 Roxanne
Swamp:4 1 runed translucent door, Mara; tizbic2's ghost, journeyman MiFi
Vaults:1 3 runed translucent doors, mortz's ghost, adept DECj
Depths:4 1 runed translucent door, Plog's ghost, adept DgCj
Zot:1 3 runed translucent doors, reasonance's ghost, legendary DsFi


Innate Abilities, Weirdness & Mutations

You can breathe blasts of fire.
Your fiery red scales are hard. (AC +12)
You cannot fit into any form of body armour.
Your flesh is heat resistant. (rF+)
You are cold-blooded and may be slowed by cold attacks.
You are dopey. (Int -2)
You are frail. (-10% HP)


Message History

You feel your power returning.
You kill the red draconian!
Vehumet accepts your kill.
You kill the black draconian!
Vehumet accepts your kill.
You feel your power returning.
You hear a chilling moan.
The black draconian knight breathes lightning at you.
The bolt of lightning misses you.
Your box of beasts has recharged.
The winds around you start to calm down.
You float gracefully downwards.
A moth of wrath comes into view.
The purple draconian shifter breathes dispelling energy at you.
The bolt of dispelling energy misses you.
The black draconian knight mumbles some strange words.
The black draconian knight seems to speed up.
Items here: $ )) [.
You are engulfed in whirling frost.
The black draconian knight casts a spell.
The black draconian knight flickers and vanishes for a moment.
You feel yourself speed up. The winds around you calm down.
The black draconian knight closely misses you.
You have got your breath back.
The black draconian knight breathes lightning at you.
The bolt of lightning hits you!
* * * LOW HITPOINT WARNING * * *
The bolt of lightning hits you!
* * * LOW HITPOINT WARNING * * *
You feel much better.
You block the black draconian knight's attack.
The moth of wrath misses you.
Things that are here:
+0 gold dragon scales; a golden dragon corpse
There is a stone staircase leading up, spattered with blood here.
You feel yourself speed up.
The black draconian knight breathes lightning at you.
The bolt of lightning hits you!!
You die...

....... ...... ##
..... ... ....# ....
...### #..# #.##)## ##
###..# ##)##[.##)##
#.....##....).))..#
........[@..†).....#
..##..#q##).)†..##..#
####.#.#..)###... ..#
#.)...y..[.)###...###
####.).q...#..# #...#
...........###..).....
............# ##......
#...........†.# #...(
##.###.####...# ....


You could see a black draconian knight (fast, invisible, catching breath).

Vanquished Creatures
  the Royal Jelly (Slime:5)
  Dissolution (Slime:4)
  3 Killer Klowns
  Frederick (Vaults:3)
  3 curse toes
  Nikola (Vaults:2)
  13 golden dragons
  Arachne (Spider:4)
  Jorgrun (Spider:1)
  10 tentacled monstrosities
  2 deep elf blademasters (Elf:3)
  2 liches
  2 walking earthen tomes
  Rupert (Spider:1)
  Asterion (Spider:1)
  5 quicksilver dragons
  2 deep elf master archers (Elf:3)
  Frances (Spider:1)
  6 death cobs
  Agnes (Spider:1)
  19 acid blobs
  6 sphinxes
  3 thorn hunters (Swamp:4)
  Kirke (Spider:2)
  6 draconian monks
  3 tengu reavers (Depths:2)
  14 storm dragons
  A revenant (Vaults:3)
  3 shadow dragons
  2 fenstrider witches (Swamp:3)
  12 azure jellies
  13 rockslimes
  2 draconian knights
  3 fire giants
  3 deep elf sorcerers (Elf:3)
  3 frost giants
  A balrug (Depths:3)
  4 draconian shifters
  10 ghost moths
  2 imperial myrmidons (Desolation)
  Louise (Spider:3)
  5 draconian scorchers
  4 emperor scorpions
  13 vault wardens
  2 iron dragons (Depths:2)
  5 orc warlords
  3 draconian stormcallers
  2 war gargoyles (Vaults:4)
  5 deep elf elementalists
  9 very ugly things
  6 draconian annihilators
  18 quicksilver oozes
  20 ironbound preservers
  11 stone giants
  4 broodmothers
  2 spriggan defenders
  8 ironbound thunderhulks
  11 green draconians
  8 deep elf demonologists
  4 vampire knights
  3 eleionomae
  11 black draconians
  9 spark wasps
  9 white draconians
  5 deep elf annihilators (Elf:3)
  12 purple draconians
  12 yellow draconians
  8 ettins
  6 entropy weavers
  12 red draconians
  2 bunyips
  14 dire elephants
  An eidolon (Vaults:3)
  A merfolk impaler (Depths:2)
  4 crystal guardians (Desolation)
  6 deep elf death magi
  Josephine (Lair:5)
  3 deep elf high priests (Elf:3)
  6 ragged hierophants (Desolation)
  8 fire dragons
  15 yaktaur captains
  4 rakshasas
  Erolcha (Orc:2)
  17 great orbs of eyes
  12 vault guards
  14 boulder beetles
  7 peacekeepers
  7 servants of whispers (Desolation)
  An ogre mage (D:15)
  A catoblepas (Lair:6)
  A ghost crab (Swamp:4)
  4 ice dragons
  2 spriggan air magi
  3 death knights
  25 hydras
  2 radroaches (Spider:2)
  12 two-headed ogres
  13 ironbound frosthearts
  31 dancing weapons
  4 jorogumos
  17 centaur warriors
  A satyr (shapeshifter) (D:15)
  2 vampire magi (Depths:1)
  4 deep troll shamans
  7 tengu warriors
  6 death yaks (Lair:6)
  A deep troll earth mage (Depths:4)
  10 alligators
  2 orc high priests (Orc:2)
  9 spriggan berserkers
  2 hell knights
  A sun demon (Depths:3)
  Sonja (Lair:3)
  Urug (Orc:2)
  3 iron trolls
  3 pharaoh ants
  13 deep elf knights
  3 goliath frogs
  5 steelbarb worms
  A glowing orange brain (shapeshifter) (Depths:2)
  8 swamp dragons (Swamp:4)
  A goliath frog (shapeshifter) (Elf:3)
  4 spriggan druids
  5 glowing orange brains
  A phantasmal warrior (Vaults:3)
  A flayed ghost (Vaults:4)
  56 deep trolls
  15 orb spiders
  14 wizards
  6 bog bodies
  11 orc knights
  26 deep elf pyromancers
  17 deep elf zephyrmancers
  8 deep elf archers
  10 necromancers
  17 ironbound convokers
  6 harpies
  3 shining eyes
  10 cyclopes
  13 lindwurms
  14 wolf spiders
  38 ugly things
  A frost giant zombie (Vaults:3)
  4 orc sorcerers
  A manticore (shapeshifter) (Elf:1)
  13 elephants
  7 will-o-the-wisps
  26 moths of wrath
  8 manticores
  3 guardian serpents (Desolation)
  Maurice (D:9)
  12 black mambas
  17 vault sentinels
  A black mamba (shapeshifter) (Spider:3)
  4 torpor snails
  11 cane toads
  A smoke demon (Depths:3)
  A guardian serpent (shapeshifter) (D:14)
  4 molten gargoyles (Desolation)
  2 kobold demonologists
  A komodo dragon (shapeshifter) (D:14)
  A cane toad (shapeshifter) (D:15)
  2 efreet
  40 yaktaurs
  A rime drake (shapeshifter) (D:9)
  An unseen horror (D:12)
  17 komodo dragons
  5 demonic crawlers
  An ice devil (Depths:4)
  2 tengu conjurers
  A freezing wraith (D:15)
  12 rime drakes
  2 queen bees (shapeshifter)
  6 trolls
  2 queen bees
  6 meliai
  9 tyrant leeches
  A shadow dragon simulacrum (Vaults:3)
  5 polar bears
  A hornet (shapeshifter) (D:14)
  A bloated husk (Swamp:2)
  49 saltlings (Desolation)
  A tyrant leech (shapeshifter) (Depths:2)
  24 tarantellas
  17 hornets
  22 blink frogs
  93 slime creatures
  4 dream sheep (Lair:6)
  A snapping turtle (shapeshifter) (Vaults:4)
  2 centaur simulacra (D:14)
  A spriggan (shapeshifter) (D:14)
  6 air elementals
  16 jumping spiders
  15 wyverns
  A shadow (D:13)
  Sigmund (D:5)
  9 water elementals
  7 wraiths
  A fire bat (shapeshifter) (D:13)
  13 spriggans
  17 culicivoras
  A hog (shapeshifter) (D:13)
  19 humans (D:13)
  94 yaks
  A fire elemental (Elf:1)
  2 golden eyes (Slime:3)
  8 basilisks
  A steam dragon (Lair:2)
  5 hogs (Spider:2)
  61 redbacks
  An elf skeleton (Vaults:3)
  8 wargs
  16 vampire mosquitoes
  3 large abominations (Elf:1)
  2 acid dragons
  21 swamp worms
  13 water moccasins
  36 orc warriors
  12 swamp drakes
  3 black bears
  Pargi (Sewer)
  An ice beast (D:8)
  2 necrophages
  6 ogres
  21 wolves
  6 boggarts
  4 centaurs
  A kobold brigand (D:10)
  A centaur (shapeshifter) (Elf:1)
  A phantom (D:5)
  An elf zombie (Elf:1)
  21 bullfrogs
  A gnoll sergeant (D:13)
  3 earth elementals
  4 scorpions
  65 killer bees
  4 wights (D:8)
  3 howler monkeys
  An electric eel (Spider:4)
  A crimson imp (Orc:2)
  4 centaur zombies
  22 orc priests
  2 bullfrog skeletons (D:6)
  2 hounds
  A jelly (D:8)
  An iron imp (Orc:2)
  3 iguanas
  Natasha (thrice) (D:2)
  21 orc wizards
  10 hell rats
  Robin (D:2)
  A howler monkey zombie (D:7)
  13 gnolls
  4 adders
  A shadow imp (Orc:2)
  2 white imps
  An ufetubus (D:6)
  4 worms
  A dart slug (D:3)
  61 orcs
  8 endoplasms
  3 giant cockroaches
  9 goblins (D:2)
  8 hobgoblins
  9 jackals
  8 ball pythons
  3 bats (D:1)
  2 frilled lizards
  10 kobolds
  6 rats
  19 briar patches (Swamp:4)
2227 creatures vanquished.

Vanquished Creatures (others)
  A red draconian (Zot:1)
  A moth of wrath (Zot:2)
  A water moccasin (Lair:2)
  2 orc wizards (Orc:2)
  3 orcs (Orc:2)
  56 foxfires
  147 fungi
  146 plants
  2 withered plants (Depths:4)
359 creatures vanquished.

Grand Total: 2586 creatures vanquished

Notes
Turn   | Place    | Note
-------+----------+-------------------------------------------
     0 | D:1      | juncz the Draconian Ice Elementalist began the quest for
                  | the Orb.
     0 | D:1      | Reached XP level 1. HP: 14/14 MP: 3/3
   382 | D:1      | Reached XP level 2. HP: 20/20 MP: 5/5
   520 | D:1      | Found a faded altar of an unknown god.
  1114 | D:2      | Noticed Robin
  1120 | D:2      | Reached XP level 3. HP: 26/26 MP: 3/6
  1480 | D:1      | Learned a level 3 spell: Frozen Ramparts
  1484 | D:2      | Killed Robin
  2142 | D:2      | Noticed Natasha
  2153 | D:2      | Killed Natasha
  2154 | D:2      | Reached skill level 5 in Ice Magic
  2154 | D:2      | Reached XP level 4. HP: 22/33 MP: 2/8
  2504 | D:2      | Noticed Natasha
  2522 | D:2      | Killed Natasha
  2740 | D:2      | Learned a level 3 spell: Ozocubu's Armour
  2951 | D:2      | Noticed Natasha
  2955 | D:2      | Killed Natasha
  2956 | D:2      | Reached XP level 5. HP: 35/38 MP: 3/10
  4345 | D:3      | Found a runed translucent gate.
  4345 | D:3      | Found a runed translucent gate.
  4345 | D:3      | Found a runed translucent gate.
  4346 | D:3      | Noticed tizbic2's ghost (amateur OgFi)
  4424 | D:4      | Found an opulent altar of Gozag.
  4499 | D:4      | Found a glowing drain.
  4563 | Sewer    | Entered a sewer
  4843 | Sewer    | Noticed Pargi
  4848 | Sewer    | Killed Pargi
  4849 | Sewer    | Reached skill level 6 in Ice Magic
  4849 | Sewer    | Reached XP level 6. HP: 42/45 MP: 1/12
  6849 | D:5      | Entered Level 5 of the Dungeon
  6877 | D:5      | Your scales start taking on a fiery red colour.
  6877 | D:5      | Reduced skill Ice Magic to level 5
  6877 | D:5      | Reached XP level 7. HP: 45/51 MP: 4/14
  6877 | D:5      | Gained mutation: Your flesh is heat resistant. (rF+) [Red
                  | Draconian growth]
  6967 | D:5      | Reached skill level 1 in Fighting
  6967 | D:5      | Reached skill level 1 in Transmutations
  7128 | D:5      | Found Yfogorch's Distillery.
  7196 | D:5      | Bought a potion of curing for 42 gold pieces
  7337 | D:5      | Reached skill level 5 in Spellcasting
  7525 | D:5      | Noticed Sigmund
  8166 | D:5      | Killed Sigmund
  8360 | D:5      | Reached XP level 8. HP: 23/63 MP: 8/16
  8633 | D:5      | Reached skill level 6 in Ice Magic
  9574 | D:6      | Found a runed translucent door.
  9575 | D:6      | Noticed fragbeetle's ghost (amateur MiFi)
  9902 | D:6      | Found a runed translucent door.
 10588 | D:7      | Found a staircase to the Ecumenical Temple.
 10686 | Temple   | Entered the Ecumenical Temple
 10882 | Temple   | Became a worshipper of Vehumet
 10956 | D:7      | Reached skill level 5 in Fighting
 11411 | D:7      | You fall into a shaft and drop 3 floors!
 11411 | D:10     | Entered Level 10 of the Dungeon
 11411 | D:10     | Noticed a two-headed ogre
 11426 | D:10     | Killed a two-headed ogre
 11427 | D:10     | Reached skill level 7 in Ice Magic
 11427 | D:10     | Reached XP level 9. HP: 22/75 MP: 4/19
 11964 | D:9      | Identified the +1 leather armour of the Cicada {Str+4
                  | Int+4}
 12041 | D:9      | Noticed a two-headed ogre
 12880 | D:8      | Reached skill level 8 in Ice Magic
 12926 | D:8      | Reached XP level 10. HP: 73/86 MP: 17/22
 13469 | D:8      | Reached * piety under Vehumet
 13469 | D:8      | Offered knowledge of Sandblast by Vehumet.
 13472 | D:8      | Learned a level 1 spell: Sandblast
 14332 | D:8      | Found a sparkling altar of Nemelex Xobeh.
 14439 | D:9      | Noticed Maurice
 14459 | D:9      | Killed Maurice
 14987 | D:9      | Killed a two-headed ogre
 14988 | D:9      | Reached skill level 9 in Ice Magic
 15434 | D:9      | Reached XP level 11. HP: 87/97 MP: 18/24
 15790 | D:10     | Found a staircase to the Orcish Mines.
 15801 | D:10     | Reached ** piety under Vehumet
 15801 | D:10     | Offered knowledge of Foxfire by Vehumet.
 16580 | D:10     | Reached skill level 10 in Fighting
 17319 | D:10     | Identified the ring of False Pretenses {rF+ Will+ Str+2
                  | Int+3 Slay-6}
 17403 | D:10     | Found a burning altar of Makhleb.
 17403 | D:10     | Found an iron altar of Okawaru.
 17524 | D:11     | Noticed a boulder beetle
 17537 | D:11     | Killed a boulder beetle
 17538 | D:11     | Reached skill level 10 in Spellcasting
 17723 | D:11     | Offered knowledge of Searing Ray by Vehumet.
 17726 | D:11     | Noticed a two-headed ogre
 17737 | D:11     | Killed a two-headed ogre
 17738 | D:11     | Reached skill level 10 in Ice Magic
 17759 | D:11     | Learned a level 2 spell: Searing Ray
 18238 | D:11     | Noticed a boulder beetle
 18251 | D:11     | Killed a boulder beetle
 18252 | D:11     | Reached skill level 1 in Conjurations
 18686 | D:11     | Found a staircase to the Lair.
 18734 | D:11     | Reached *** piety under Vehumet
 19288 | Lair:1   | Entered Level 1 of the Lair of Beasts
 19301 | Lair:1   | Reached XP level 12. HP: 72/110 MP: 22/26
 19535 | Lair:1   | Found a runed translucent door.
 19535 | Lair:1   | Found a shimmering altar of Xom.
 19535 | Lair:1   | Noticed Zeld's ghost (journeyman DEFE)
 19790 | Lair:1   | Offered knowledge of Ignite Poison by Vehumet.
 19889 | Lair:1   | You fall into a shaft and drop 1 floor!
 21100 | Lair:2   | Learned a level 3 spell: Inner Flame
 21108 | Lair:2   | Learned a level 7 spell: Ozocubu's Refrigeration
 21112 | Lair:2   | Learned a level 3 spell: Swiftness
 21608 | Lair:2   | Found a staircase to the Swamp.
 22199 | Lair:2   | Reached skill level 1 in Fire Magic
 22408 | Lair:2   | Reached skill level 1 in Air Magic
 22741 | Lair:2   | Reached skill level 1 in Hexes
 22850 | Lair:2   | Reached **** piety under Vehumet
 22856 | Lair:2   | Offered knowledge of Iskenderun's Mystic Blast by Vehumet.
 23052 | Lair:2   | Learned a level 4 spell: Iskenderun's Mystic Blast
 23708 | Lair:2   | Reached skill level 5 in Conjurations
 24011 | Lair:2   | Reached skill level 11 in Ice Magic
 24069 | Lair:2   | Reached ***** piety under Vehumet
 24069 | Lair:2   | Offered knowledge of Conjure Ball Lightning by Vehumet.
 24704 | Lair:3   | Found a hole to the Spider Nest.
 24741 | Lair:3   | Noticed Sonja
 24751 | Lair:3   | Killed Sonja
 24752 | Lair:3   | Reached XP level 13. HP: 117/117 MP: 14/28
 25199 | Lair:3   | Reached skill level 5 in Fire Magic
 28108 | Lair:4   | Reached skill level 12 in Ice Magic
 28637 | Lair:4   | Offered knowledge of Lightning Bolt by Vehumet.
 30864 | Lair:5   | Reached skill level 1 in Shields
 31436 | Lair:5   | Noticed Josephine
 31440 | Lair:5   | Killed Josephine
 31441 | Lair:5   | Reached XP level 14. HP: 125/125 MP: 5/31
 31644 | Lair:5   | Found an iron altar of Okawaru.
 33185 | Lair:6   | Entered Level 6 of the Lair of Beasts
 34139 | Lair:6   | Found a staircase to the Slime Pits.
 34155 | Lair:6   | Reached skill level 13 in Ice Magic
 35624 | Lair:6   | Offered knowledge of Iskenderun's Battlesphere by Vehumet.
 37449 | Lair:6   | Found the amulet of Vitality {Regen+ HP+15}
 37453 | Lair:6   | Identified the +6 plate armour of the Four Defenders {SInv}
 37470 | Lair:6   | Learned a level 2 spell: Sublimation of Blood
 37599 | Lair:6   | Reached skill level 14 in Ice Magic
 37599 | Lair:6   | Reached XP level 15. HP: 132/132 MP: 33/33
 37936 | Orc:1    | Entered Level 1 of the Orcish Mines
 38058 | Orc:2    | Entered Level 2 of the Orcish Mines
 38393 | Orc:2    | Found a staircase to the Elven Halls.
 39143 | Orc:1    | You fall into a shaft and drop 1 floor!
 39307 | Orc:1    | Noticed an orc warlord
 39315 | Orc:1    | Killed an orc warlord
 39316 | Orc:1    | Reached XP level 16. HP: 139/139 MP: 7/34
 39943 | Orc:2    | Noticed Urug
 39947 | Orc:2    | Reached skill level 1 in Necromancy
 40463 | Orc:2    | Killed Urug
 40866 | Orc:2    | Noticed Erolcha
 40871 | Orc:2    | Killed Erolcha
 41689 | Orc:2    | Offered knowledge of Freezing Cloud by Vehumet.
 42557 | Orc:2    | Found Tehy's Antique Armour Emporium.
 42786 | Orc:2    | Found Xydar's General Store.
 42791 | Orc:2    | Found Tofuex's Book Emporium.
 42793 | Orc:2    | Found Mubry's Antique Weapon Emporium.
 42828 | Orc:2    | Bought a book of Rime for 448 gold pieces
 42866 | Orc:2    | Learned a level 4 spell: Ice Form
 43001 | Orc:2    | Identified the +2 robe "Roluem" {rF+ Will+ rCorr Archmagi}
 43002 | Orc:2    | Identified the +0 hat of Goedepui {Str+3}
 43019 | Orc:2    | Reached skill level 5 in Necromancy
 43465 | Swamp:1  | Entered Level 1 of the Swamp
 44187 | Swamp:1  | Reached skill level 15 in Ice Magic
 45126 | Swamp:1  | Identified the +4 giant spiked club "Futasaed" {protect,
                  | *Corrode rElec rF- Str+9}
 45718 | Swamp:1  | Identified Roxanne's Almanac of Moulding
 45718 | Swamp:1  | Noticed Roxanne
 48492 | Swamp:2  | Got Sif Muna's Papyrus of Air and Attacks
 49152 | Swamp:2  | Reached skill level 16 in Ice Magic
 51277 | Swamp:3  | Identified the +2 pair of boots of Unambiguity {rF+ Dex+4}
 52824 | Swamp:4  | Entered Level 4 of the Swamp
 53101 | Swamp:4  | Noticed a thorn hunter
 53105 | Swamp:4  | Killed a thorn hunter
 54046 | Swamp:4  | Noticed a tentacled monstrosity
 54268 | Elf:1    | Entered Level 1 of the Elven Halls
 54697 | D:12     | Reached skill level 17 in Ice Magic
 54870 | D:12     | Found Ezinkekh's Armour Boutique.
 55107 | D:12     | Found a hide-covered altar of Uskayaw.
 56010 | D:13     | Offered knowledge of Fireball by Vehumet.
 56032 | D:13     | Reached XP level 17. HP: 138/138 MP: 35/35
 56044 | D:13     | Found a gate to the Vaults.
 58230 | D:13     | Reached skill level 5 in Dodging
 62801 | D:14     | Found a shadowy altar of Dithmenos.
 64388 | D:14     | Offered knowledge of Spellforged Servitor by Vehumet.
 65716 | D:15     | Entered Level 15 of the Dungeon
 67529 | D:15     | Found a staircase to the Depths.
 69414 | Spider:1 | Entered Level 1 of the Spider Nest
 69433 | Spider:1 | Reached XP level 18. HP: 159/159 MP: 0/36
 70950 | Spider:1 | Noticed Agnes
 70956 | Spider:1 | Killed Agnes
 70961 | Spider:1 | Noticed Frances
 71459 | Spider:1 | Killed Frances
 72996 | Spider:1 | Noticed Jorgrun
 72996 | Spider:1 | Noticed Asterion
 73001 | Spider:1 | Killed Asterion
 73002 | Spider:1 | Killed Jorgrun
 73607 | Spider:1 | Noticed Rupert
 73622 | Spider:1 | Killed Rupert
 74108 | Spider:2 | Noticed Kirke
 74113 | Spider:2 | Killed Kirke
 74114 | Spider:2 | Reached skill level 18 in Ice Magic
 80634 | Spider:1 | Glimpsed the power of Zot.
 80804 | Spider:3 | Offered knowledge of Ignition by Vehumet.
 80878 | Spider:3 | Reached skill level 10 in Conjurations
 82142 | Spider:4 | Entered Level 4 of the Spider Nest
 82558 | Spider:4 | Reached skill level 15 in Fighting
 83010 | Spider:4 | Noticed Louise
 83014 | Spider:4 | Noticed Arachne
 83030 | Spider:4 | HP: 7/178 [Arachne/poison arrow (24)]
 83035 | Spider:4 | HP: 6/178 [poisoned by Arachne (poison arrow)]
 83989 | Spider:3 | Killed Louise
 84051 | Spider:4 | Killed Arachne
 84309 | Spider:4 | Identified a scroll of acquirement
 84311 | Spider:4 | Acquired a book of Ice
 85806 | Spider:4 | Reached XP level 19. HP: 163/170 MP: 7/37
 85982 | Spider:4 | Identified the +4 pair of gloves of Quiet Fog {Int+5}
 86008 | Spider:4 | Got a gossamer rune of Zot
 89362 | Swamp:4  | Noticed Mara
 89364 | Swamp:4  | Noticed juncz's illusion
 89949 | Swamp:4  | Reached skill level 10 in Dodging
 91144 | Swamp:4  | Found a runed translucent door.
 91146 | Swamp:4  | Noticed tizbic2's ghost (journeyman MiFi)
 91354 | Swamp:4  | Got a decaying rune of Zot
 91727 | Slime:1  | Entered Level 1 of the Pits of Slime
 95103 | Slime:4  | Noticed Dissolution
 95110 | Slime:4  | Killed Dissolution
 95668 | Slime:4  | Reached skill level 19 in Ice Magic
 96436 | Slime:5  | Entered Level 5 of the Pits of Slime
 96495 | Slime:5  | Noticed the Royal Jelly
 96651 | Slime:5  | Gained mutation: You are dopey. (Int -2) [a shining eye]
 99780 | Elf:1    | Reached XP level 20. HP: 148/148 MP: 6/38
100040 | Elf:1    | Paralysed by an air elemental for 1 turns
100043 | Elf:1    | Paralysed by an air elemental for 1 turns
102273 | Elf:1    | Reached ****** piety under Vehumet
104286 | Elf:2    | Paralysed by an air elemental for 1 turns
104757 | Elf:2    | Paralysed by an air elemental for 1 turns
105376 | Elf:3    | Entered Level 3 of the Elven Halls
106136 | Elf:2    | Found a runed translucent gate.
106136 | Elf:2    | Found a runed translucent gate.
106137 | Elf:2    | Found a runed translucent gate.
108415 | Elf:3    | Identified the +7 trident of Callousness {drain, Dex+2}
108417 | Elf:3    | Offered knowledge of Shatter by Vehumet.
108417 | Elf:3    | Offered knowledge of Chain Lightning by Vehumet.
108417 | Elf:3    | Offered knowledge of Maxwell's Capacitive Coupling by
                  | Vehumet.
109274 | Elf:3    | Identified the +2 long sword of Ysuhes {elec, Str+3}
109742 | Elf:3    | Identified the +10 hand axe of Yluemm {elec, rF- rN+++
                  | Str+7}
110428 | Elf:3    | Identified the +7 hunting sling of the Living Dead {venom,
                  | rF+ Dex+4}
110443 | Elf:3    | Got Sif Muna's Guide on Venom
110449 | Elf:3    | Identified the +2 trident of Tentacled Optimality {vorpal,
                  | Str+3}
110450 | Elf:3    | Identified the amulet of Hocorr {Reflect Fly rPois rF-
                  | Will- SH+5}
110460 | Elf:3    | Learned a level 3 spell: Stone Arrow
110470 | Elf:3    | Learned a level 9 spell: Polar Vortex
112843 | Slime:5  | Reached skill level 20 in Ice Magic
113617 | Vaults:1 | Entered Level 1 of the Vaults
114401 | Vaults:1 | Reached XP level 21. HP: 192/192 MP: 17/39
116550 | Vaults:1 | Found a runed translucent gate.
116550 | Vaults:1 | Found a runed translucent gate.
116551 | Vaults:1 | Found a runed translucent gate.
116552 | Vaults:1 | Noticed mortz's ghost (adept DECj)
117673 | Vaults:1 | Reached skill level 21 in Ice Magic
118003 | Vaults:2 | Found Lujeclae's Distillery.
118255 | Vaults:2 | Bought a potion of heal wounds for 90 gold pieces
118255 | Vaults:2 | Bought a potion of resistance for 180 gold pieces
118255 | Vaults:2 | Bought a potion of haste for 180 gold pieces
118255 | Vaults:2 | Bought a potion of curing for 54 gold pieces
118255 | Vaults:2 | Bought a potion of flight for 54 gold pieces
118255 | Vaults:2 | Bought a potion of heal wounds for 90 gold pieces
119682 | Vaults:2 | Found a transporter.
119699 | Vaults:2 | Identified the ring "Ushrow" {rC+ rN+}
119701 | Vaults:2 | Found a transporter.
120005 | Vaults:2 | Noticed Nikola
120017 | Vaults:2 | Killed Nikola
120994 | Vaults:2 | Reached skill level 22 in Ice Magic
121384 | Vaults:2 | Got the Guide on the Traveller and Lightness
121687 | Vaults:3 | Found a crumbling gateway.
121693 | Desolati | Entered the Desolation of Salt
121901 | Desolati | Identified the +10 whip of Fiopleiz {freeze, Will- Str+5
                  | Int+3 Dex+6}
122123 | Desolati | Identified the ring "Itzix" {Int+2 SInv}
122615 | Desolati | Reached XP level 22. HP: 200/200 MP: 33/40
123555 | Desolati | Got the Volume of Battle Magic and the Glacier
123575 | Desolati | Learned a level 6 spell: Iron Shot
123625 | Desolati | Reached skill level 23 in Ice Magic
123657 | Desolati | Identified the amulet "Akuosm" {Faith rC+}
123986 | Desolati | Found the +12 glaive of Prune {vorpal}
123989 | Desolati | Got Roid's Compendium of the Voyage
123993 | Desolati | Identified the +4 fustibalus "Biudgh" {speed, rC+ Will+
                  | Dex+5}
124079 | Desolati | Identified the +7 hunting sling of Trauma {freeze, Str+2}
124602 | Vaults:3 | Acquired 773 gold pieces
125760 | Vaults:3 | Noticed Frederick
125767 | Vaults:3 | Killed Frederick
126536 | Vaults:3 | Found a staircase to the Crypt.
128139 | Vaults:4 | Reached skill level 24 in Ice Magic
129563 | Vaults:4 | Reached XP level 23. HP: 206/206 MP: 5/41
130673 | Vaults:4 | Reached skill level 25 in Ice Magic
132069 | Slime:5  | Killed the Royal Jelly
132578 | Slime:5  | Identified the ring "Rakowuap" {rC+ rCorr}
132593 | Slime:5  | Identified the ring "Esipn" {Fly Dex+3}
132601 | Slime:5  | Identified the amulet "Anile" {Acrobat +Blink Dex+4}
132604 | Slime:5  | Got a slimy rune of Zot
132620 | Slime:5  | Identified the +5 long sword "Veefohu" {vorpal, rC++ rN+}
132631 | Slime:5  | Acquired 595 gold pieces
132647 | Slime:5  | Identified the +8 hand crossbow of Pewa {venom, rElec rC-
                  | MP+9}
132672 | Slime:5  | Identified the +0 pair of boots of Hepliaklqana's Envy
                  | {SInv}
132997 | Depths:1 | Entered Level 1 of the Depths
133589 | Depths:1 | Found a one-way gate to the infinite horrors of the Abyss.
133806 | Depths:1 | Found Yzuireagg's Antique Armour Boutique.
133806 | Depths:1 | Found Vinwi's Assorted Antiques.
133810 | Depths:1 | Found Cadovetz's Distillery.
133816 | Depths:1 | Bought a potion of heal wounds for 165 gold pieces
133818 | Depths:1 | Bought a potion of heal wounds for 50 gold pieces
133852 | Depths:1 | Found Tiskaw's Antique Armour Boutique.
133977 | Depths:1 | Found a one-way gateway to a ziggurat.
133990 | Depths:1 | Found Tybisacwaa's Jewellery Boutique.
133998 | Depths:1 | Found a gateway to Hell.
134620 | Depths:2 | Identified the +5 spear of Floods {venom, +Blink rC- rCorr}
134860 | Depths:2 | Reached skill level 26 in Ice Magic
134983 | Depths:2 | Found a shimmering blue altar of Sif Muna.
135400 | Depths:2 | Identified the ring "Daapoclu" {rPois rF+ Will+ Str+2 SInv}
135498 | Depths:2 | Found a one-way gate leading to the halls of Pandemonium.
135577 | Depths:2 | Identified the +6 rapier of Wisdom {vorpal, Fly Int+3
                  | Stlth-}
135627 | Depths:2 | Identified the amulet "Exigon" {Regen+ Int+3}
136775 | Depths:2 | Gained mutation: You are frail. (-10% HP) [a shining eye]
137242 | Depths:2 | Identified the +5 dagger "Conservator" {pain, Contam rF-
                  | Str+4 Dex+9 Stlth+}
138206 | Depths:3 | Reached XP level 24. HP: 193/193 MP: 40/41
138316 | Depths:3 | Found a corrupted altar of Lugonu.
139270 | Depths:4 | Entered Level 4 of the Depths
139275 | Depths:4 | Found an iron altar of Okawaru.
139508 | Depths:4 | Reached skill level 27 in Ice Magic
139514 | Depths:4 | Reached skill level 15 in Spellcasting
139515 | Depths:4 | Reached skill level 1 in Translocations
140301 | Depths:4 | Found a gate to the Realm of Zot.
140618 | Depths:4 | Found a runed translucent door.
140618 | Depths:4 | Noticed Plog's ghost (adept DgCj)
140803 | Depths:4 | Identified the +7 flail of Hiusoebo {vorpal, Fragile rElec
                  | rC++ Dex+3}
140975 | Zot:1    | Entered Level 1 of the Realm of Zot
141150 | Zot:1    | Found a runed translucent gate.
141150 | Zot:1    | Found a runed translucent gate.
141151 | Zot:1    | Found a runed translucent gate.
141156 | Zot:1    | Noticed reasonance's ghost (legendary DsFi)
141937 | Zot:1    | Reached skill level 5 in Translocations
142882 | Zot:2    | Noticed a Killer Klown
142890 | Zot:2    | Killed a Killer Klown
144763 | Zot:2    | Identified the ring of Leany {Str+2 Int+6}
144963 | Zot:2    | Identified the +11 fustibalus "Soanusal" {speed, rElec
                  | Will+ Str+6 Dex-5}
145672 | Zot:3    | Noticed a Killer Klown
145680 | Zot:3    | Killed a Killer Klown
145865 | Zot:3    | Noticed a Killer Klown
145870 | Zot:3    | Killed a Killer Klown
146012 | Zot:3    | Reached XP level 25. HP: 205/205 MP: 43/43
147896 | Zot:4    | HP: 2/222 [black draconian knight/bolt of lightning (14)]
147900 | Zot:4    | Killed from afar by a black draconian knight

Illustrated notes

Levels and vault maps discovered:
D:1:      dpeg_arrival_tiny_g, layout_basic,
          shapermc_ecumenical_altar_mp_urbaneastern, glass_columns_a
D:2:      layout_basic, uniq_robin, uniq_natasha
D:3:      layout_rooms, gammafunk_ghost_necromancy
D:4:      layout_layer_cave, grunt_gozag_statues, cheibrodos_sewer_entry_bend
D:5:      layout_cave_pods, serial_shops, nicolae_shop_stone, uniq_sigmund
D:6:      layout_gridville, ebering_ghost_sewer_f
D:7:      layout_layer_cave, minmay_temple_entry_drinking_statues,
          serial_rivers, chequers_serial_rivers_micro_e,
          chequers_serial_rivers_micro_e, chequers_serial_rivers_small_b,
          chequers_serial_rivers_micro_b, eino_curves_02, hangedman_glass_teeth
D:8:      layout_loops_ring, mainiacjoe_overflow_alcove_4,
          nicolae_zen_rock_garden
D:9:      layout_basic, uniq_maurice
D:10:     layout_rooms, amethyst_overflow_temple_binary,
          kennysheep_orc_monster_closet_entryway, kennysheep_potato
D:11:     layout_rooms, due_lair_maze_entry_diamond, lemuel_another_geyser
D:12:     layout_rooms, serial_shops, nicolae_square_shop,
          nicolae_uskayaw_murder_on_the_dancefloor
D:13:     layout_roguey, grunt_vaults_entry_tiered,
          chequers_serial_rivers_small_a, minmay_the_grid_square_5x5_3x3_mashed
          [minmay_the_grid_square_5x5_seven, minmay_the_grid_square_5x5_longway,
          minmay_the_grid_square_5x5_meh, minmay_the_grid_square_5x5_percent,
          minmay_the_grid_square_5x5_megaprize_open,
          minmay_the_grid_square_5x5_inner_v,
          minmay_the_grid_square_5x5_hollow_slash,
          minmay_the_grid_square_5x5_eight_small, minmay_the_grid_square_5x5_c]
D:14:     minmay_nested_s, layout_loops_ring, grunt_dithmenos_smoke
D:15:     hangedman_depths_entry_civil_slaughter, layout_gridville,
          hangedman_decor_riveting
Temple:   eino_narrow_crystal_temple
Lair:1:   layout_gridlike, ebering_ghost_xom, eino_small_chamber_without_monster
Lair:2:   regret_index_wax_grids, layout_chaotic_city,
          skrybe_swamp_entry_bodies, worms_lemuel
Lair:3:   layout_layer_cave, spider_nest_entry_a, special_room
          [special_room_bee], forest_entry_grove, uniq_sonja
Lair:4:   layout_gridlike, special_room [special_room_mythical_zoo],
          grunt_megastairs_2
Lair:5:   layout_gridlike, basic_altar, beast_lair_carwin_3,
          infiniplex_staircase_pool_2, grunt_megastairs_5, uniq_josephine
Lair:6:   grunt_lair_end_beastmaster, layout_cave_pods,
          minmay_slime_entry_oklob_open
Swamp:1:  layout_falls_marsh, hangedman_swamp_ruin_wall, swamp_pool1,
          nicolae_swamp_spriggan_camp, uniq_roxanne
Swamp:2:  nicolae_swamp_tree_isthmus, layout_basic_swamp,
          evilmike_swamp_ruin_house_6
Swamp:3:  layout_falls_marsh, evilmike_swamp_ruin_rubble_2
Swamp:4:  swamp, layout_basic_swamp, ebering_ghost_inner_flame, swamp_pool2,
          uniq_mara
Spider:1: layout_spider_delve, nicolae_spider_twisty_arc_passages, uniq_frances,
          uniq_jorgrun, uniq_agnes, uniq_asterion, uniq_rupert
Spider:2: layout_spider_delve, uniq_kirke
Spider:3: layout_spider_delve, hellmonk_deceptive_appearances
Spider:4: spider_rune_water, uniq_arachne, uniq_louise
Slime:1:  cheibrodos_slime_lost_civilization_10, layout_caves
Slime:2:  cheibrodos_slime_lost_civilization_8, layout_caves
Slime:3:  layout_caves
Slime:4:  layout_caves, uniq_dissolution
Slime:5
Orc:1:    layout_caves, serial_shops, hellmonk_bongcloud_opening
Orc:2:    grunt_orc_cross, layout_caves, basic_altar, hangedman_minor_magic,
          uniq_erolcha
Elf:1:    layout_onion_city, minmay_elf_necromancy, minivault_20
Elf:2:    nicolae_elf_blades_splatter_lattice
          [nicolae_blade_entry_crossed_weapons], layout_geoelf_diagonals,
          hangedman_elf_targetted_burst
Elf:3:    elf_hall, layout_geoelf_grid
Vaults:1: ebering_ghost_rock_garden, vaults_mumra_lcd, v_pattern_5,
          v_alt_pattern_2, ontoclasm_vaults_hangar, hangedman_vaults_restitches,
          v_misc_23, nicolae_vaults_three_branches, vaults_dpeg_ring, v_misc_10,
          ontoclasm_vaults_decontamination, layout_vaults_ring
Vaults:2: serial_ice_b, vaults_dpeg_spiral, v_misc_17, gammafunk_the_bubble
          [the_bubble_gammafunk_plus_minus], v_misc_15,
          nicolae_vaults_network_star, nicolae_vaults_alarming,
          ontoclasm_vaults_gateway, ontoclasm_vaults_eye, vaults_dpeg_diagonal,
          layout_vaults_chaotic_city, serial_shops, shop, uniq_nikola
Vaults:3: portal_desolation_entry_nicolae_slug, minmay_crypt_entry_simple_walls,
          nicolae_vaults_meeting, nicolae_vaults_asterisk,
          vaults_mumra_minichess, hangedman_vaults_capsules,
          ontoclasm_vaults_tryst, nicolae_vaults_little_squares_6,
          layout_vaults_quadrants, uniq_frederick
Vaults:4: nicolae_vaults_big_ls, v_misc_14, nicolae_vaults_inception_scallops,
          hangedman_vaults_river_flow, v_alt_pattern_4, vaults_room_boxed,
          hangedman_vaults_corner, v_misc_33, v_misc_16, hangedman_vaults_nodes,
          dpeg_vaults_pockets_of_resistance, nicolae_vaults_asterisk,
          layout_vaults_maze_snakey
Depths:1: layout_twisted_cross, enter_ziggurat_b, minmay_misc_feat_five,
          serial_shops, shop, hell_entry, abyss_entry_small_statue_room,
          minmay_statues_item, kennysheep_nub, minmay_shop_enchanted_jewellery,
          nooodl_orcs_dogs, minmay_shop_star
Depths:2: little_maze_vault, layout_cave_pools, abyss_entry, hell_entry,
          pan_entry, grunt_decor_arrowhead, led_sif_pool
Depths:3: kennysheep_scales, layout_gridlike, pan_entry,
          abyss_entry_flame_altar, lightli_too_deep, kennysheep_cross_landing,
          infiniplex_staircase_pillars_1
Depths:4: evilmike_zot_entry_hall, layout_basic, hell_entry,
          grunt_pan_entry_sceptre, lemuel_doored_altar, gammafunk_ghost_grave,
          minmay_misc_feat_ornament
Zot:1:    layout_gridlike, ebering_ghost_rock_garden
Zot:2:    layout_cathedral_of_symmetry, grunt_ministairs_4,
          lemuel_baited_zot_trap, st_single_dragon_hoard_4, grunt_megastairs_1
Zot:3:    layout_gridlike
Zot:4:    layout_onion_interference

Skill      XL: |  1  2  3  4  5  6  7  8  9 10 11 12 13 14 15 16 17 18 19 20 21 22 23 24 25 |
---------------+----------------------------------------------------------------------------+-----
Stealth        | 2 |  2.0
Spellcasting   | 3 4 5 7 8 9 10 11 13 14 16 17 | 17.2
Ice Magic      | 5 6 5 7 8 9 10 11 12 14 17 18 19 20 22 24 26 27 | 27.0
Fighting       | 3 6 7 9 11 12 13 15 16 17 19 20 | 20.1
Transmutations | 2 3 |  3.0
Conjurations   | 2 5 8 10 12 13 | 13.5
Dodging        | 3 4 7 9 11 12 | 12.2
Fire Magic     | 4 6 |  6.0
Air Magic      | 1 |  1.0
Hexes          | 2 |  2.0
Shields        | 1 4 |  4.0
Necromancy     | 5 |  5.0
Translocations | 8 9 |  9.9
Throwing       | |  0.6

Action                   |  1- 3 |  4- 6 |  7- 9 | 10-12 | 13-15 | 16-18 | 19-21 | 22-24 | 25-27 || total
-------------------------+-------+-------+-------+-------+-------+-------+-------+-------+-------++-------
Melee: Spear             |    36 |    76 |   197 |   158 |       |       |       |       |       ||   467
       Tailslap          |       |     8 |    32 |    29 |    80 |    35 |    31 |    24 |     8 ||   247
       Punch             |       |     1 |     2 |     4 |     4 |       |       |       |       ||    11
       Hand axe          |       |       |       |    74 |   447 |   134 |   115 |     7 |       ||   777
       Long sword        |       |       |       |     7 |       |       |       |       |       ||     7
       Staff             |       |       |       |       |       |       |       |    70 |    31 ||   101
Throw: Stone             |     3 |    16 |    22 |    51 |    56 |     4 |       |       |       ||   152
       Dart              |       |       |     1 |     4 |       |     2 |       |       |       ||     7
 Cast: Freeze            |    37 |    29 |    40 |   167 |    31 |    25 |     1 |       |       ||   330
       Frozen Ramparts   |     4 |    22 |    33 |   105 |   118 |    48 |    25 |     8 |       ||   363
       Ozocubu's Armour  |       |    18 |    25 |    56 |    74 |    29 |     9 |     2 |     1 ||   214
       Sandblast         |       |       |       |    40 |    12 |    26 |     4 |       |       ||    82
       Ozocubu's Refrige |       |       |       |     2 |    57 |   733 |   601 |   275 |       ||  1668
       Iskenderun's Myst |       |       |       |       |     1 |    25 |   132 |    26 |       ||   184
       Swiftness         |       |       |       |       |     1 |       |     1 |       |       ||     2
       Sublimation of Bl |       |       |       |       |     2 |    78 |    23 |    11 |       ||   114
       Ice Form          |       |       |       |       |       |     2 |       |       |       ||     2
       Searing Ray       |       |       |       |       |       |     3 |     5 |       |       ||     8
       Inner Flame       |       |       |       |       |       |     1 |       |       |       ||     1
       Stone Arrow       |       |       |       |       |       |       |    54 |       |       ||    54
       Polar Vortex      |       |       |       |       |       |       |     7 |   108 |    20 ||   135
       Iron Shot         |       |       |       |       |       |       |       |    70 |       ||    70
 Abil: Breathe Fire      |       |       |     3 |    14 |     7 |    21 |    22 |    12 |     2 ||    81
Evoke: Wand              |       |       |     2 |     2 |     2 |     1 |       |       |       ||     7
       Tin of tremorston |       |       |       |       |     1 |     1 |       |       |       ||     2
       Box of beasts     |       |       |       |       |       |       |       |       |     1 ||     1
  Use: Scroll            |       |     3 |     5 |    16 |     5 |    21 |    10 |     6 |     2 ||    68
       Potion            |       |       |       |     1 |     2 |     9 |     6 |     1 |     6 ||    25
 Stab: Sleeping          |     5 |     4 |     1 |       |       |       |       |     1 |       ||    11
       Distracted        |     1 |       |       |       |       |       |       |       |       ||     1
       Petrified         |       |       |       |       |     3 |       |       |       |       ||     3
       Invisible         |       |       |       |       |       |     2 |       |       |       ||     2
Armor: Skin              |    11 |    17 |   115 |   235 |   390 |   216 |   270 |   164 |    42 ||  1460
Dodge: Dodged            |    19 |    34 |   126 |   300 |   380 |   299 |   409 |   312 |    72 ||  1951
       Repelled          |       |       |       |       |       |       |    16 |    18 |     6 ||    40
Block: Buckler           |       |       |       |       |    80 |   166 |   193 |   154 |    38 ||   631
